 Dungeon Crawl Stone Soup version 0.25.0-9-g26727b657a (webtiles) character file.

Game seed: 4491875296615511807

3 Matador8 the Caller (level 1, 0/15 HPs)
             Began as a Naga Summoner on June 21, 2020.
             Slain by a giant cockroach (2 damage)
             ... on level 1 of the Dungeon.
             The game lasted 00:01:11 (317 turns).

Matador8 the Caller (Naga Summoner)                  Turns: 317, Time: 00:01:12

Health: 0/15       AC:  1    Str: 10    XL:     1   Next: 50%
Magic:  1/3        EV: 10    Int: 15    God:
Gold:   0          SH:  0    Dex: 11    Spells: 3/4 levels left

rFire    . . .     SeeInvis +   b - +0 dagger
rCold    . . .     Gourm    .   (no shield)
rNeg     . . .     Faith    .   a - +0 robe
rPois    +         Spirit   .   (no helmet)
rElec    .         Reflect  .   (no cloak)
rCorr    .         Harm     .   (no gloves)
MR       .....                  (no barding)
Stlth    ++........             (no amulet)
HPRegen  0.05/turn              (no ring)
MPRegen  0.08/turn              (no ring)

@: very slow
A: large, see invisible, deformed body, poison resistance, slowness 2, slow
metabolism 1, spit poison 1, AC +0
a: Spit Poison


You were on level 1 of the Dungeon.
You were not hungry.

You visited 1 branch of the dungeon, and saw 1 of its levels.

Inventory:

Hand Weapons
 b - a +0 dagger (weapon)
Armour
 a - a +0 robe (worn)
Comestibles
 c - a ration


   Skills:
 - Level 1.5 Dodging
 + Level 3.1 Stealth
 * Level 2.1 Spellcasting
 * Level 4.0 Summonings


You had 3 spell levels left.
You knew the following spells:

 Your Spells              Type           Power        Failure   Level  Hunger
a - Summon Small Mammal   Summ           ##..         4%          1    #......

Your spell library contained the following spells:

 Spells                   Type           Power        Failure   Level  Hunger
 Call Imp                 Summ           ##......     6%          2    ###....
 Call Canine Familiar     Summ           ##......     12%         3    ###....
 Summon Guardian Golem    Hex/Summ       #.......     28%         3    ###....
 Summon Ice Beast         Ice/Summ       #.......     67%         4    #####..
 Summon Lightning Spire   Summ/Air       #.......     67%         4    #####..


Dungeon Overview and Level Annotations

Branches:
Dungeon (1/15)

Altars:


Innate Abilities, Weirdness & Mutations

You cannot wear boots.
Your serpentine skin is tough. (AC +0)
You have supernaturally acute eyesight. (SInv)
Armour fits poorly on your strangely shaped body.
Your system is resistant to poisons. (rPois)
You cover ground very slowly.
You have a slow metabolism.
You can spit poison.


Message History

You hit the bat.
The bat is severely wounded.
The bat barely misses you.
Casting: Summon Small Mammal (safe; 4% risk of failure)
Confirm with . or Enter, or press ? or * to list all spells.
Your rat barely misses the bat.
The bat misses you. The bat hits you.
* * * LOW HITPOINT WARNING * * *
The bat misses your bat.
Your bat closely misses the bat.
Your rat misses the bat. The bat barely misses your rat.
The giant cockroach bites you.
* * * LOW HITPOINT WARNING * * *
Your bat barely misses the bat.
The bat hits you but does no damage.
Your bat closely misses the bat.
The bat hits you.
* * * LOW HITPOINT WARNING * * *
The bat misses your bat.
Your rat bites the bat.
The bat dies!
Your bat barely misses the giant cockroach.
The giant cockroach bites you.
You die...

#..#
........#
######..#
........#
!.......##
........#
#.##[..#
#####....
####.##.#.#
##.###
#.......#.##
##..###
#......##..#
##......
#......###.#
##..#####
#....@.#
#.###..#.....
#...rs.#
#..#..#......
#..?...#
##...#....<..
#..b...#
#....#......
#......#
##....#.....
##....##
##....#####
#....#
##........
#.?..#
##...####
#....# ###.##
#


You could see a giant cockroach, a friendly bat (summoned) and a friendly rat
(summoned).

Vanquished Creatures
  A kobold (D:1)
1 creature vanquished.

Vanquished Creatures (collateral kills)
  A goblin (D:1)
  A hobgoblin (D:1)
  A bat (D:1)
3 creatures vanquished.

Grand Total: 4 creatures vanquished

Notes
Turn   | Place    | Note
-------+----------+-------------------------------------------
     0 | D:1      | Matador8 the Naga Summoner began the quest for the Orb.
     0 | D:1      | Reached XP level 1. HP: 15/15 MP: 3/3
   317 | D:1      | Slain by a giant cockroach

Illustrated notes

Levels and vault maps discovered:
D:1:      scummos_arrival_hexagon, layout_basic

Action                   || total
-------------------------++-------
Melee: Dagger            ||    21
 Cast: Summon Small Mamm ||     7
Armor: Robe              ||     7
Dodge: Dodged            ||    22
